 Dungeon Crawl Stone Soup version 0.18.1-6-gd335043 (console) character file.

64 2d6 the Ducker (level 3, 0/17 HPs)
             Began as a Felid Chaos Knight on May 20, 2016.
             Slain by an iguana (14 damage)
             ... on level 4 of the Dungeon.
             The game lasted 00:10:57 (2166 turns).

2d6 the Ducker (Felid Chaos Knight)                 Turns: 2166, Time: 00:10:58

Health: 0/17       AC:  1    Str:  9    XL:     3   Next: 91%
Magic:  4/4        EV: 23    Int: 13    God:    Xom [.*....]
Gold:   156        SH:  0    Dex: 15    Spells: 0 memorised, 2 levels left
                                        Lives:  0   Deaths: 0

rFire  . . .     SeeInvis +       - Unarmed
rCold  . . .     Gourm    .     (armour unavailable)
rNeg   . . .     Faith    .     (shield unavailable)
rPois  .         Spirit   .     (helmet unavailable)
rElec  .         Dismiss  .     (cloak unavailable)
rCorr  .         Reflect  .     (gloves unavailable)
SustAt .         Harm     .     (boots unavailable)
MR     .....                    (no amulet)
Stlth  +++.......               (no ring)
                                h - +5 ring of evasion

@: about to teleport, drained, quick, not resistant to hostile enchantments,
fairly stealthy
A: no armour, no weapons or thrown items, claws 1, fangs 3, see invisible,
carnivore 3, speed 1, shaggy fur 1, slow metabolism 1, sharp paws
a: Renounce Religion


You were on level 4 of the Dungeon.
You worshipped Xom.
You were a plaything of Xom.
You were completely stuffed.

You visited 1 branch of the dungeon, and saw 4 of its levels.

You collected 156 gold pieces.

Inventory:

Jewellery
 h - a +5 ring of evasion (left paw)
Scrolls
 b - 2 scrolls of fog {unknown}
 c - a scroll of fear {unknown}
 d - a scroll of random uselessness {unknown}
 e - a scroll of magic mapping {unknown}
 g - a scroll of teleportation
 i - 3 scrolls of identify
 l - a scroll of immolation {unknown}
Potions
 j - a potion of magic {unknown}
 k - 2 potions of ambrosia
 m - a potion of cancellation {unknown}
 n - 2 potions of might {unknown}
 p - a potion of curing {unknown}
 q - a potion of haste {unknown}
Comestibles
 a - a meat ration
 f - a beef jerky


   Skills:
 + Level 3.4(3.2) Fighting
 - Level 4.0(3.7) Dodging
 + Level 2.3(2.1) Stealth
 + Level 3.6(3.4) Unarmed Combat


You had 2 spell levels left.
You didn't know any spells.

Dungeon Overview and Level Annotations

Branches:
Dungeon (4/15)
 Temple: D:4-7

Altars:
Okawaru
Yredelemnul
The Shining One

Annotations:
D:3 nezrel's ghost, amateur MfGl


Innate Abilities, Weirdness & Mutations

You cannot wear armour.
You are incapable of wielding weapons or throwing items.
You have sharp claws.
You have razor-sharp teeth.
You have supernaturally acute eyesight.
You are carnivorous and can eat meat at any time.
You cover ground quickly.
You are covered in fur (AC +1).
You have a slow metabolism.
Your sharp claws are effective at attacking unaware monsters.


Message History

Your white imp dies!
You hear Xom's maniacal laughter.
You shiver with cold.
Press: ? - help, v - describe, . - travel
Here: an iguana The floor.
You open the door.
There is an open door here.
Read which item? (? for menu, Esc to quit)
As you read the scroll labeled FEYKYS IZEAGAIHIA, it crumbles to dust.
It is a scroll of identify.
Identify which item? (\ to view known items) (? for menu, Esc to quit)
k - 2 potions of ambrosia Read which item? (? for menu, Esc to quit)
As you read the scroll labeled AJAXYG XAJAC, it crumbles to dust.
You feel strangely unstable.
It was a scroll of teleportation.
The iguana bites you!
Ouch! That really hurt!
You die...
Xom bursts into laughter!

#....###..#.##.#
#..###.....l..........
#.........######.##.#.
#.....#'### ..l .
#..## #.# ##.# #. #l#
# #.# #l# #@# #.# #.#
###


You could see an iguana and a giant newt.

Vanquished Creatures
  A worm (D:2)
  A dart slug (D:2)
  3 giant geckos (D:2)
  A giant cockroach (D:2)
  7 goblins
  4 hobgoblins
  8 jackals (D:2)
  2 ball pythons
  3 bats (D:1)
  3 giant newts
  4 kobolds
  10 rats
  A spectral orc (D:2)
48 creatures vanquished.

Vanquished Creatures (collateral kills)
  4 orcs (D:3)
  A goblin (D:3)
  A rat (D:3)
6 creatures vanquished.

Grand Total: 54 creatures vanquished

Notes
Turn   | Place    | Note
--------------------------------------------------------------
     0 | D:1      | 2d6 the Felid Chaos Knight began the quest for the Orb.
     0 | D:1      | Reached XP level 1. HP: 10/10 MP: 2/2
   133 | D:1      | XOM: harmless Pois miscast
   192 | D:1      | Found an iron altar of Okawaru.
   374 | D:1      | XOM: noise
   518 | D:1      | Reached XP level 2. HP: 14/14 MP: 3/3
   930 | D:2      | Reached skill level 1 in Stealth
  1116 | D:2      | Found a basalt altar of Yredelemnul.
  1180 | D:2      | XOM: enchant monster (bad)
  1233 | D:2      | XOM is BORED!
  1233 | D:2      | XOM: 1-stop teleportation journey
  1237 | D:2      | Reached XP level 3. HP: 12/17 MP: 4/4
  1237 | D:2      | XOM: medium Necr miscast
  1238 | D:2      | Noticed a shadow
  1238 | D:2      | Noticed a shadow
  1593 | D:2      | Reached skill level 4 in Dodging
  1620 | D:2      | Found a glowing golden altar of the Shining One.
  1665 | D:2      | XOM: swap monsters
  2069 | D:3      | Noticed nezrel's ghost (amateur MfGl)
  2147 | D:4      | XOM: summons friendly white imp
  2153 | D:4      | XOM: harmless Ice miscast
  2166 | D:4      | Slain by an iguana

Skill      XL: |  1  2  3 |
---------------+----------+-----
Stealth        | 1 2 |  2.3
Dodging        | 4 |  4.0
Fighting       | |  3.4
Unarmed Combat | |  3.6

Action                   || total
-------------------------++-------
Melee: Unarmed           ||   108
       Bite              ||     6
  Use: Scroll            ||     2
 Stab: Sleeping          ||    15
  Eat: Chunk             ||     9
Dodge: Dodged            ||    88

Vault maps used:
D:1:      matt_arrival_debris, minmay_misc_feat_tower, grunt_decor_arrowhead,
          minivault_23, okawaru_ov_weapons_minmay
D:2:      nicolae_tso_carved_into_rock, yredelemnul_forgotten_temple_becter,
          first_bread, minmay_misc_feat_roman
D:3:      lemuel_round_altar, kiku_gazebo_garden_becter
D:4:      hex_medium
